AoeStats
← HINIIRU

Black Forest

510829623Analyzed
2v2 RM · 1d ago on Oct 2, 2026· 48m 45s· 4 players
Game mode
Random Map
Map size
Medium (4 player)
Population
200
Speed
Normal
Resources
Standard
Victory
Conquest
Starting age
Dark Age
Ending age
Imperial Age
RankedLock teamsTeams togetherTeam positionsShared explorationLock speedFull tech treeHidden civsTurbo modeCheats
Victory
Defeat
🇨🇿 Turks · Czechia
1160
+15
🇨🇿 Bulgarians · Czechia
1159
+15
🇩🇪 Saxons · Germany
1140
-15
🇩🇪 Danes · Germany
1139
-15
MrHonigkuchen
2:00 Loom
11:52 Feudal Age
12:55 Double-Bit Axe
15:26 Castle Age
13:47 Fishing Lines
16:43 Bow Saw
17:41 Gillnets
20:30 Horse Collar
20:53 Gold Mining
22:30 Wheelbarrow
21:59 Heavy Plow
25:11 Squires
25:12 Scale Mail Armor
25:23 Forging
27:22 Chain Mail Armor
31:40 Imperial Age
29:18 Hamask
31:19 Iron Casting
32:14 Hand Cart
33:20 Elite Varangian Guard
36:19 Plate Mail Armor
39:08 Gambesons
39:12 Arson
41:57 Iron Casting
42:00 Onager
45:47 Blast Furnace
HINIIRU
11:03 Feudal Age
14:46 Castle Age
12:44 Double-Bit Axe
13:28 Horse Collar
17:43 Wheelbarrow
17:41 Heavy Plow
21:11 Bow Saw
24:43 Fletching
25:09 Padded Archer Armor
25:54 Bodkin Arrow
26:46 Leather Archer Armor
26:53 Ballistics
26:30 Elite Skirmisher
27:18 Thumb Ring
28:14 Hand Cart
32:10 Imperial Age
33:39 Bracer
34:54 Chemistry
35:17 Ring Archer Armor
35:52 Arrowslits
36:19 Fortified Wall
38:03 Crossbowman
39:44 Conscription
38:55 Arbalester
40:50 Two-Man Saw
40:23 Crop Rotation
41:41 Town Watch
41:42 Loom
47:49 Masonry
pavellu5
0:38 Loom
13:42 Feudal Age
17:46 Castle Age
15:43 Horse Collar
15:58 Double-Bit Axe
22:26 Imperial Age
20:26 Padded Archer Armor
22:44 Wheelbarrow
21:55 Town Watch
27:29 Hand Cart
32:14 Leather Archer Armor
32:05 Scale Barding Armor
33:55 Bow Saw
37:19 Two-Man Saw
36:51 Heavy Plow
39:52 Artillery
40:13 Conscription
40:14 Husbandry
40:25 Bloodlines
40:58 Capped Ram
42:53 Ring Archer Armor
42:44 Chain Barding Armor
42:35 Forging
44:35 Plate Barding Armor
45:11 Gold Mining
45:12 Stone Mining
pavelda5
0:57 Loom
12:21 Feudal Age
16:25 Castle Age
14:42 Horse Collar
15:12 Double-Bit Axe
16:29 Scale Barding Armor
22:25 Wheelbarrow
22:17 Forging
22:49 Town Watch
24:57 Scale Mail Armor
25:44 Ballistics
26:38 Heavy Plow
26:40 Fletching
27:06 Squires
29:31 Hand Cart
30:19 Gold Mining
31:40 Bow Saw
31:59 Masonry
32:25 Stone Mining
33:38 Gold Shaft Mining
33:49 Bloodlines
33:40 Husbandry
34:03 Chain Barding Armor
33:40 Bodkin Arrow
34:22 Stirrups
37:14 Stone Shaft Mining
40:04 Iron Casting
40:14 Chain Mail Armor
42:47 Imperial Age
42:50 Elite Konnik
43:51 Conscription
44:08 Plate Barding Armor
44:34 Blast Furnace
44:05 Plate Mail Armor
43:36 Bracer
44:22 Crop Rotation
44:59 Chemistry
44:31 Architecture
44:08 Herbal Medicine
44:02 Capped Ram
45:11 Siege Ram
46:20 Siege Engineers
Connection lost

Rejoining the realm…

Still unreachable

The connection could not be restored.

Session expired

The server has moved on; the page needs a fresh start.